 Dungeon Crawl Stone Soup version 0.25.1-9-gc5326a611f (webtiles) character file.

Game seed: 6897627354530746961

31 promet the Sneak (level 3, 0/18 HPs)
             Began as a Vine Stalker Assassin on Dec 23, 2020.
             Succumbed to an adder's poison
             ... on level 2 of the Dungeon.
             The game lasted 00:09:01 (1281 turns).

promet the Sneak (Vine Stalker Assassin)            Turns: 1281, Time: 00:09:02

Health: 0/18       AC:  4    Str: 12 (13) XL:     3   Next: 22%
Magic:  0/4        EV: 11    Int:  9 (12) God:
Gold:   72         SH:  0    Dex: 13 (15) Spells: 2/2 levels left

rFire    . . .     SeeInvis .   h - +0 dagger (pain)
rCold    . . .     Gourm    .   (no shield)
rNeg     . . .     Faith    .   i - +0 leather armour
rPois    .         Spirit   +   (no helmet)
rElec    .         Reflect  .   c - +0 cloak
rCorr    .         Harm     .   (no gloves)
MR       .....                  (no boots)
Stlth    +++.......             (no amulet)
HPRegen  0.06/turn              (no ring)
MPRegen  0.09/turn              (no ring)

@: lethally poisoned (0 -> -12)
A: fangs 2, magic shield, antimagic bite, no potion heal 3, rot immunity
a: no special abilities


You were on level 2 of the Dungeon.
You were not hungry.

You visited 1 branch of the dungeon, and saw 2 of its levels.

You collected 72 gold pieces.

Inventory:

Hand Weapons
 a - a +2 dagger
 h - a +0 dagger of pain (weapon)
Missiles
 d - 4 poisoned darts (quivered)
 e - 2 curare-tipped darts
 m - 16 stones
Armour
 b - a +0 robe
 c - a +0 cloak (worn)
 i - a +0 leather armour (worn)
Jewellery
 j - an uncursed amulet of reflection {unknown}
 k - an uncursed ring of fire {unknown}
 l - a +6 ring of dexterity
Comestibles
 f - 3 rations
 g - a chunk of flesh


   Skills:
 + Level 1.7 Fighting
 + Level 1.8 Short Blades
 + Level 1.9 Throwing
 + Level 0.8 Dodging
 * Level 6.0 Stealth


You had 2 spell levels left.
You didn't know any spells.
Your spell library was empty.

Dungeon Overview and Level Annotations

Branches:
Dungeon (2/15)

Altars:
Wu Jian


Innate Abilities, Weirdness & Mutations

You have extremely sharp teeth.
When hurt, damage is shared between your health and your magic reserves.
Your bite disrupts and absorbs the magic of your enemies.
Potions cannot restore your health.
You are immune to rotting.


Message History

The adder bites you but does no damage.
You hit the adder but do no damage.
The adder is heavily wounded.
You feel sick. The adder bites you.
* * * LOW HITPOINT WARNING * * *
You hit the adder.
The adder is severely wounded.
The adder bites you but does no damage. The adder barely misses you.
You hit the adder. Your bite misses the adder.
The adder is severely wounded.
* * * LOW HITPOINT WARNING * * *
You feel sick. The adder bites you.
* * * LOW HITPOINT WARNING * * *
You are more poisoned.
The adder poisons you!
You aren't carrying any scrolls.
You aren't carrying any potions.
You closely miss the adder. Your bite misses the adder.
The adder is severely wounded.
You die...

.# .# .# .# ## .#
.. #. ##(# .# ...
#(.# .# #.#
##S####.#...
#.@##...#.# ###.
#.###.#...# #..
#.......# ####.##
#####..##
#.....## ###.##
#.....#. #...#
#.....#. #.###
###......<
#.######.......##
#....._..#.....#


You could see an adder.

Vanquished Creatures
  3 leopard geckos (D:1)
  A giant cockroach (D:1)
  4 goblins (D:1)
  7 hobgoblins (D:1)
  A quokka (D:2)
  A ball python (D:1)
  2 bats
  2 frilled lizards (D:1)
  3 kobolds (D:1)
  3 rats (D:1)
27 creatures vanquished.

Notes
Turn   | Place    | Note
-------+----------+-------------------------------------------
     0 | D:1      | promet the Vine Stalker Assassin began the quest for the
                  | Orb.
     0 | D:1      | Reached XP level 1. HP: 11/11 MP: 2/2
    14 | D:1      | Reached skill level 5 in Stealth
   149 | D:1      | Reached XP level 2. HP: 15/15 MP: 3/3
   801 | D:1      | Reached XP level 3. HP: 16/18 MP: 2/4
   987 | D:1      | Reached skill level 6 in Stealth
  1226 | D:2      | Found an ornate altar of the Wu Jian Council.
  1281 | D:2      | Succumbed to an adder's poison

Illustrated notes

Levels and vault maps discovered:
D:1:      roderic_octagonal_star, layout_rooms, serial_rivers,
          chequers_serial_rivers_room_b, chequers_serial_rivers_small_a,
          chequers_serial_rivers_micro_c, chequers_serial_rivers_micro_e
D:2:      layout_rooms, yredelemnul_forgotten_temple_becter,
          overflow_temple_1_default, chequers_ecumenical_altar_twisty

Skill      XL: |  1  2  3 |
---------------+----------+-----
Stealth        | 5 6 |  6.0
Fighting       | |  1.7
Short Blades   | |  1.8
Throwing       | |  1.9
Dodging        | |  0.8

Action                   || total
-------------------------++-------
Melee: Dagger            ||    89
       Bite              ||    14
Throw: Dart              ||     8
  Use: Scroll            ||     2
       Potion            ||     2
 Stab: Sleeping          ||     4
  Eat: Chunk             ||     1
Armor: Robe              ||     1
       Leather armour    ||    11
Dodge: Dodged            ||    36
